 Dungeon Crawl Stone Soup version 0.17-a0-1651-gae1a69f (webtiles) character file.

45 nuthulu the Firebug (level 3, 0/19 HPs)
             Began as a Deep Elf Fire Elementalist on Aug 14, 2015.
             Was an Initiate of Vehumet.
             Killed from afar by Terence (2 damage)
             ... with a wand of magic darts
             ... on level 2 of the Dungeon.
             The game lasted 00:04:59 (1542 turns).

nuthulu the Firebug (Deep Elf Fire Elementalist)    Turns: 1542, Time: 00:04:59

Health: 0/19       AC:  5    Str:  5    XL:     3   Next: 42%
Magic:  10/10      EV: 13    Int: 20    God:    Vehumet [......]
Gold:   95         SH:  0    Dex: 15    Spells: 3 memorised, 3 levels left

rFire  . . .     SeeInvis .     (no weapon)
rCold  . . .     Clarity  .     a - +0 robe
rNeg   . . .     SustAt   .     (no shield)
rPois  .         Gourm    .     (no helmet)
rElec  .         Spirit   .     (no cloak)
rCorr  .         Warding  .     (no gloves)
rMut   .         Stasis   .     g - +2 pair of boots
MR     .....                    (no amulet)
Stlth  ++........               (no ring)
                                (no ring)

@: not resistant to hostile enchantments, unstealthy
A: no striking features
a: Renounce Religion


You were on level 2 of the Dungeon.
You worshipped Vehumet.
Vehumet was noncommittal.
You were not hungry.

You visited 1 branch of the dungeon, and saw 3 of its levels.

You collected 95 gold pieces.

Inventory:

Armour
 a - a +0 robe (worn)
 g - a +2 pair of boots (worn)
Scrolls
 d - a scroll of magic mapping
 f - 2 scrolls of remove curse
 h - 4 scrolls of identify
 i - 2 scrolls of teleportation
 j - a scroll of fear {unknown}
Books
 b - a book of Flames

   Spells                             Type                      Level
   a - Flame Tongue                   Conjuration/Fire             1
   b - Throw Flame                    Conjuration/Fire             2
   c - Conjure Flame                  Conjuration/Fire             3
   d - Inner Flame                    Hexes/Fire                   3
   e - Sticky Flame                   Conjuration/Fire             4
   f - Fireball                       Conjuration/Fire             5
Comestibles
 c - 2 bread rations
 k - a meat ration
 l - a chunk of flesh


   Skills:
 - Level 2.4 Dodging
 - Level 2.4 Stealth
 + Level 3.8 Spellcasting
 + Level 2.2 Conjurations
 + Level 4.0 Fire Magic


You had 3 spell levels left.
You knew the following spells:

 Your Spells              Type           Power        Failure   Level  Hunger
a - Flame Tongue          Conj/Fire      ###..        3%          1    None
b - Throw Flame           Conj/Fire      ###...       6%          2    ##.....
c - Conjure Flame         Conj/Fire      ###.....     12%         3    ###....


Dungeon Overview and Level Annotations

Branches:
Dungeon (3/15)

Altars:
Vehumet

Annotations:
D:2 Robin, Terence


Message History

The goblin is severely wounded.
Casting: Flame Tongue
Confirm with . or Enter, or press ? or * to list all spells.
Aiming: Flame Tongue
Press: ? - help, Shift-Dir - straight line, f/p - goblin
Aim: a goblin (severely wounded)
The flame tongue hits the goblin.
You kill the goblin!
Vehumet accepts your kill.
You start resting.
Your magical contamination has completely faded away.
You start resting.
Magic restored.
Terence shouts!
Terence zaps a wand.
The magic dart hits you!
Terence zaps a wand.
The magic dart hits you!
Terence zaps a wand.
The magic dart hits you!
* * * LOW HITPOINT WARNING * * *
Terence zaps a wand.
The magic dart hits you!
You die...

#...# ##.. .... #...## ##..#
####..# #....#####...# ##.#).)#
#....<..##...# #..)..†#
##.#........# #......#
#####.##..##.# #...#..#
####.^....##....# ###.......
...#......#####.########....)....
..........## #.@..........).....
...........####.##...##.........>
..........................#)#....
..[..........#...#..........#....
...>........###.###..)....####..#
.............#...#....@.........#
..............._..........####...
.............#...#........# #...
...#.....##.###.###....##.# #...


You could see Terence.

Vanquished Creatures
  An adder (D:2)
  A giant gecko (D:1)
  A ball python (D:1)
  3 bats (D:1)
  A giant cockroach (D:2)
  6 hobgoblins
  2 jackals (D:1)
  2 giant newts
  10 goblins
  5 rats
32 creatures vanquished.

Notes
Turn   | Place    | Note
--------------------------------------------------------------
     0 | D:1      | nuthulu the Deep Elf Fire Elementalist began the quest for the Orb.
     0 | D:1      | Reached XP level 1. HP: 10/10 MP: 6/6
   292 | D:1      | Reached XP level 2. HP: 15/15 MP: 4/8
   357 | D:1      | Learned a level 2 spell: Throw Flame
   750 | D:2      | Found a radiant altar of Vehumet.
   761 | D:2      | Became a worshipper of Vehumet
   782 | D:2      | Reached XP level 3. HP: 19/19 MP: 0/10
   787 | D:2      | Learned a level 3 spell: Conjure Flame
   996 | D:2      | Noticed Terence
  1356 | D:2      | Reached skill level 4 in Fire Magic
  1369 | D:2      | Noticed Robin
  1542 | D:2      | Killed from afar by Terence

Vault maps used:
D:1:      minmay_arrival_loop
D:2:      vehumet_crystals, first_bread, uniq_robin, uniq_terence
D:3:      makhleb_heckhound_becter

Action                   || total
-------------------------++-------
 Cast: Flame Tongue      ||    48
       Throw Flame       ||     8
  Use: Scroll            ||     5
  Eat: Chunk             ||     2
